 Dungeon Crawl Stone Soup version 0.19.5 (webtiles) character file.

3514 Gargoyl the Protected (level 10, 0/84 HPs)
             Began as a Ghoul Abyssal Knight on Mar 24, 2017.
             Was an Elder of Lugonu.
             Killed from afar by a gargoyle (17 damage)
             ... with a stone arrow
             ... on level 8 of the Dungeon.
             The game lasted 00:19:37 (7933 turns).

Gargoyl the Protected (Ghoul Abyssal Knight)        Turns: 7933, Time: 00:19:38

Health: 0/84       AC: 17    Str: 17    XL:     10   Next: 8%
Magic:  13/13      EV:  6    Int:  7    God:    Lugonu [****..]
Gold:   415        SH:  0    Dex: 11    Spells: 0 memorised, 9 levels left

rFire  . . .     SeeInvis .     D - +4 flail
rCold  + . .     Gourm    .     p - +1 plate armour
rNeg   + + +     Faith    .     (no shield)
rPois  ∞         Spirit   .     (no helmet)
rElec  .         Reflect  .     d - +0 cloak
rCorr  .         Harm     .     (no gloves)
MR     .....                    n - +0 pair of boots
Stlth  ..........               (no amulet)
                                (no ring)
                                e - ring of stealth

@: rotting
A: rotting body, claws 1, carnivore 3, cold resistance 1, negative energy
resistance 3, slow regeneration 1, torment resistance, unbreathing
a: Depart the Abyss, Bend Space, Banish, Corrupt, Renounce Religion


You were on level 8 of the Dungeon.
You worshipped Lugonu.
Lugonu was greatly pleased with you.
You were not hungry.

You visited 1 branch of the dungeon, and saw 8 of its levels.
You visited the Abyss 1 time.
You also visited: Sewer.

You collected 415 gold pieces.

Inventory:

Hand Weapons
 a - a +1 hand axe
 g - a +0 spear
 D - a +4 flail (weapon)
Armour
 d - a +0 cloak (worn)
 n - a +0 pair of boots (worn)
 p - a +1 plate armour (worn)
Jewellery
 e - a ring of stealth (left claw)
Wands
 s - a wand of iceblast (0/15)
 t - a wand of digging (23/24)
 C - a wand of flame (22/48)
Scrolls
 b - 2 scrolls of remove curse
 h - 2 scrolls of identify
 v - 2 scrolls of blinking
 w - a scroll of fear
 x - 6 scrolls of teleportation
 y - a scroll of recharging
 E - a scroll of magic mapping
Potions
 i - 2 potions of degeneration {unknown}
 j - a potion of berserk rage
 k - a potion of curing
 l - 3 potions of flight
 m - 6 potions of might {unknown}
 o - 5 potions of haste
 u - a potion of heal wounds {unknown}
 z - 2 potions of magic {unknown}
 A - a potion of ambrosia {unknown}
 G - a potion of brilliance {unknown}
Books
 q - a book of Cantrips

   Spells                             Type                      Level
   a - Confusing Touch                Hexes                        1
   b - Animate Skeleton               Necromancy                   1
   c - Summon Small Mammal            Summoning                    1
   d - Apportation                    Translocation                1
 B - a book of Misfortune

   Spells                             Type                      Level
   a - Confusing Touch                Hexes                        1
   b - Confuse                        Hexes                        3
   c - Gell's Gravitas                Hexes/Translocation          3
   d - Petrify                        Transmutation/Earth          4
   e - Metabolic Englaciation         Hexes/Ice                    5
   f - Yara's Violent Unravelling     Hexes/Transmutation          5
Comestibles
 c - 5 meat rations
 f - 2 beef jerkies
 r - 2 slices of pizza


   Skills:
 + Level 6.4 Fighting
 + Level 6.4(6.5) Axes
 + Level 1.3(4.2) Maces & Flails
 * Level 8.6 Armour
 + Level 2.2 Dodging
 * Level 6.5 Invocations


You had 9 spell levels left.
You didn't know any spells.

Dungeon Overview and Level Annotations

Branches:
Dungeon (8/15)             Temple (0/1) D:4
   Lair: D:8-11

Altars:
Dithmenos
Hepliaklqana
Nemelex Xobeh
Okawaru
Qazlal
Ru
Sif Muna
Xom
Yredelemnul

Shops:
D:4 ?(


Innate Abilities, Weirdness & Mutations

Your body is rotting away.
You thrive on raw meat.
You are immune to poison.
You have sharp fingernails.
You are carnivorous and can eat meat at any time.
Your flesh is cold resistant. (rC+)
You are immune to negative energy. (rN+++)
You regenerate slowly when monsters are visible.
You are immune to unholy pain and torment.
You can survive without breathing.


Message History

Your plate armour prevents you from hitting the gargoyle.
The gargoyle is severely damaged.
The gargoyle hurls a stone arrow at you.
The stone arrow misses you.
The gargoyle hurls a stone arrow at you.
The stone arrow hits you!
* * * LOW HITPOINT WARNING * * *
Your plate armour prevents you from hitting the gargoyle.
The gargoyle is severely damaged.
The gargoyle hits you with a flail.
* * * LOW HITPOINT WARNING * * *
Your plate armour prevents you from hitting the gargoyle.
The gargoyle is severely damaged.
The gargoyle hurls a stone arrow at you.
The stone arrow hits you!
* * * LOW HITPOINT WARNING * * *
You feel better.
The gargoyle hurls a stone arrow at you.
The stone arrow hits you!
You die...

.#####'########.##
#.................# .
#.................# ..
#.................# ...
+.................+ ....
#.................#
.....#.................#
......9#+######+##....##
#@.........#+#####
#..........#......
#..........#......
#..........#......
#..........####'##
###########.......
#....... #.......
#.....%.


You could see a gargoyle.

Vanquished Creatures
  2 hippogriffs (D:7)
  Sigmund (D:2)
  A spriggan (D:7)
  A hungry ghost (D:7)
  A sky beast (D:7)
  3 phantoms
  An ogre (D:7)
  5 centaurs
  4 bullfrogs
  A wyvern skeleton (D:7)
  5 killer bees (D:7)
  2 wights (D:7)
  4 howler monkeys
  3 crimson imps
  A bullfrog zombie (D:7)
  An orc priest (D:8)
  4 hounds
  Jessica (D:2)
  A centaur skeleton (D:4)
  6 orc wizards
  2 worker ants
  A worker ant zombie (D:5)
  14 adders
  4 gnolls
  4 river rats (Sewer)
  2 shadow imps
  2 oozes
  An adder zombie (D:5)
  An adder skeleton (D:4)
  2 worms
  3 dart slugs
  7 leopard geckos
  13 orcs
  8 bats
  6 giant cockroaches
  8 goblins
  11 hobgoblins
  2 jackals (D:5)
  A quokka (D:6)
  18 ball pythons
  11 frilled lizards
  A giant cockroach zombie (D:5)
  2 gnoll zombies (D:4)
  6 kobolds
  30 rats
208 creatures vanquished.

Vanquished Creatures (others)
  The ghost of harcile the Gusty, a novice TeAE (D:6)
  A wight (D:7)
2 creatures vanquished.

Grand Total: 210 creatures vanquished

Notes
Turn   | Place    | Note
-------+----------+-------------------------------------------
     0 | Abyss:1  | Gargoyl the Ghoul Abyssal Knight began the quest for the Orb.
     0 | Abyss:1  | Reached XP level 1. HP: 19/19 MP: 1/1
    72 | Abyss:1  | Noticed a blink frog
    72 | Abyss:1  | Noticed a blink frog
    78 | Abyss:2  | Found a corrupted altar of Lugonu.
   103 | Abyss:2  | Noticed a hell knight
   104 | Abyss:2  | Noticed a hell knight
   104 | Abyss:2  | Noticed a necromancer
   114 | D:1      | Escaped the Abyss
   225 | D:1      | Reached skill level 2 in Armour
   225 | D:1      | Reached XP level 2. HP: 12/25 MP: 2/2
   227 | D:1      | Reached * piety under Lugonu
   781 | D:1      | Reached XP level 3. HP: 31/31 MP: 3/3
   847 | D:1      | Reached skill level 1 in Dodging
  1137 | D:2      | Noticed Sigmund
  1449 | D:2      | Killed Sigmund
  1449 | D:2      | Reached skill level 3 in Armour
  1449 | D:2      | Reached XP level 4. HP: 14/40 MP: 3/5
  1449 | D:2      | Reached XP level 5. HP: 17/46 MP: 3/6
  1679 | D:2      | Noticed Jessica
  1687 | D:2      | Killed Jessica
  1846 | D:2      | Reached XP level 6. HP: 50/52 MP: 7/7
  2103 | D:3      | Reached ** piety under Lugonu
  2174 | D:3      | Found an iron altar of Okawaru.
  2205 | D:3      | Found a sacrificial altar of Ru.
  2640 | D:3      | Found a shadowy altar of Dithmenos.
  2725 | D:3      | Found a shimmering altar of Xom.
  3002 | D:4      | Reached skill level 4 in Armour
  3175 | D:4      | Found a stormy altar of Qazlal.
  3176 | D:4      | Found a sparkling altar of Nemelex Xobeh.
  3311 | D:4      | Found a staircase to the Ecumenical Temple.
  3348 | D:4      | Reached XP level 7. HP: 59/60 MP: 8/8
  3377 | D:4      | Found Voddeutu's Weapon Shop.
  3421 | D:4      | Found Nuico's Magic Scroll Boutique.
  3504 | D:4      | Found a basalt altar of Yredelemnul.
  3843 | D:5      | Entered Level 5 of the Dungeon
  4108 | D:5      | Reached *** piety under Lugonu
  4129 | D:5      | Found a hazy altar of Hepliaklqana.
  4261 | D:5      | Reached skill level 5 in Armour
  4273 | D:5      | Found a glowing drain.
  4318 | Sewer    | Entered a sewer
  4595 | Sewer    | Reached **** piety under Lugonu
  4707 | Sewer    | Reached XP level 8. HP: 58/67 MP: 10/10
  4716 | Sewer    | Reached skill level 5 in Fighting
  4829 | D:5      | You fall through a shaft for 3 floors!
  5046 | D:6      | Noticed harcile's ghost (novice TeAE)
  5134 | D:5      | Reached skill level 5 in Axes
  5156 | D:5      | Reached skill level 6 in Armour
  5159 | D:5      | Reached skill level 5 in Invocations
  5467 | D:6      | Banished harcile's ghost
  5467 | D:6      | Reached XP level 9. HP: 63/74 MP: 6/11
  5516 | D:6      | Found a shimmering altar of Xom.
  5624 | D:6      | Found a faded altar of an unknown god.
  5624 | D:6      | Found a deep blue altar of Sif Muna.
  5629 | D:6      | Found a faded altar of an unknown god.
  5631 | D:6      | Found a faded altar of an unknown god.
  5633 | D:6      | Found a faded altar of an unknown god.
  6603 | D:7      | Reached skill level 7 in Armour
  6795 | D:7      | Reached ***** piety under Lugonu
  7588 | D:7      | Reached skill level 8 in Armour
  7739 | D:7      | Reached XP level 10. HP: 72/84 MP: 13/13
  7755 | D:7      | Reached skill level 1 in Maces & Flails
  7912 | D:8      | Noticed a gargoyle
  7933 | D:8      | Killed from afar by a gargoyle

Skill      XL: |  1  2  3  4  5  6  7  8  9 10 |
---------------+-------------------------------+-----
Axes           | 2 3 4 5 6 |  6.4
Armour         | 2 3 4 5 6 8 |  8.6
Dodging        | 1 2 |  2.2
Fighting       | 4 5 6 |  6.4
Invocations    | 3 4 5 6 |  6.5
Maces & Flails | 1 |  1.3

Action                   |  1- 3 |  4- 6 |  7- 9 | 10-12 || total
-------------------------+-------+-------+-------+-------++-------
Melee: Hand axe          |   120 |   210 |   670 |       ||  1000
       Flail             |       |       |    49 |    40 ||    89
Invok: Depart the Abyss  |     1 |       |       |       ||     1
       Banish            |       |       |     3 |       ||     3
Evoke: Wand              |       |       |     1 |       ||     1
  Use: Scroll            |     3 |     5 |     8 |       ||    16
       Potion            |       |       |     8 |     1 ||     9
 Stab: Paralysed         |       |     1 |       |       ||     1
  Eat: Chunk             |    13 |    11 |    95 |     4 ||   123
Armor: Ring mail         |    12 |       |       |       ||    12
       Scale mail        |    43 |       |       |       ||    43
       Chain mail        |     5 |   116 |       |       ||   121
       Plate armour      |       |    39 |   805 |    30 ||   874
Dodge: Dodged            |    70 |    85 |   270 |    17 ||   442
